 Dungeon Crawl Stone Soup version 0.16.1-11-g651b585 (webtiles) character file.

84 karlm the Shooter (level 4, -2/29 HPs)
             Began as a High Elf Hunter on Apr 6, 2015.
             Slain by a gnoll
             ... wielding a +4 spear
              (3 damage)
             ... on level 2 of the Dungeon.
             The game lasted 00:06:32 (2336 turns).

karlm the Shooter (High Elf Hunter)                 Turns: 2336, Time: 00:06:32

Health: -2/29      AC:  3    Str: 11    XL:     4   Next: 24%
Magic:  7/7        EV: 12    Int: 15    God:
Gold:   94         SH:  0    Dex: 16    Spells: 0 memorised, 3 levels left

rFire  . . .     SeeInvis .     q - +0 rapier (holy)
rCold  . . .     Clarity  .     d - +0 leather armour
rNeg   . . .     SustAb   .     (no shield)
rPois  .         Gourm    .     j - +0 hat
rElec  .         Spirit   .     (no cloak)
rCorr  .         Warding  .     (no gloves)
rMut   .         Stasis   .     (no boots)
MR     .....                    p - amulet of rage
Stlth  ++........               (no ring)
                                (no ring)

@: exhausted, slowed, very slow, not resistant to hostile enchantments,
unstealthy
A: no striking features
a: Evoke Berserk Rage


You were on level 2 of the Dungeon.
You were hungry.

You visited 1 branch of the dungeon, and saw 2 of its levels.

You collected 94 gold pieces.

Inventory:

Hand weapons
 a - a +0 spear
 b - a +1 shortbow
 q - a +0 rapier of holy wrath (weapon)
Missiles
 c - 12 arrows
 h - 100 stones (quivered)
 k - 5 javelins
 r - 22 poisoned needles
 v - a throwing net
Armour
 d - a +0 leather armour (worn)
 j - a +0 hat (worn)
Jewellery
 p - an amulet of rage (around neck)
Magical devices
 u - a wand of polymorph (6)
Scrolls
 e - 3 scrolls of identify {unknown}
 g - a scroll of noise {unknown}
 n - a scroll of random uselessness {unknown}
 o - a scroll of remove curse {unknown}
 s - a scroll of teleportation {unknown}
Potions
 l - a potion of beneficial mutation {unknown}
 m - a potion of heal wounds {unknown}
Comestibles
 f - a bread ration
 i - 2 beef jerkies
 t - 5 fruits
 w - 2 chunks of flesh


   Skills:
 - Level 2.0 Fighting
 + Level 6.6 Bows
 - Level 2.1 Dodging
 + Level 3.5 Stealth


You had 3 spell levels left.
You didn't know any spells.

Dungeon Overview and Level Annotations

Branches:
Dungeon (2/15)

Altars:
Kikubaaqudgha


Message History

You are no longer berserk.
You are exhausted.
You feel yourself slow down.
You are feeling hungry.
The gnoll closely misses you.
Things that are here:
an arrow; a club You hit the gnoll but do no damage.
The gnoll hits you with an enchanted spear!
You are too injured to fight recklessly!
You are too injured to fight recklessly!
You puncture the gnoll!
The gnoll is severely wounded.
The gnoll hits you with an enchanted spear!
* * * LOW HITPOINT WARNING * * *
The gnoll misses you.
The gnoll hits you from afar with an enchanted spear!
* * * LOW HITPOINT WARNING * * *
The gnoll hits you from afar with an enchanted spear.
You die...

....### ####.####### #.##
...## #####....# #.# ...#
#......### #.# ...##
##.#.#..# #.#
##..####.......#
#######.# ##.##....#.#.##
#####.......#
#....>......#
##g.......####
#....##..######(.###....#
#.######.###..@.####.####
##)#.........)#### #..#
##..#.#####......## #[##
......##########..###.#
.#######........#..##>#
##
#.....>..##....#########
#....[...##............#
#........##.#..........#
####.##.###.#...<......#


You could see a gnoll.

Vanquished Creatures
  4 gnolls
  An adder (D:2)
  An ooze (D:2)
  A ball python (D:2)
  A giant cockroach (D:1)
  A hobgoblin (D:1)
  A quokka (D:2)
  4 bats (D:1)
  2 giant geckos (D:1)
  A giant newt (D:1)
  4 goblins
  3 jackals (D:1)
  7 kobolds (D:1)
  8 rats
39 creatures vanquished.

Notes
Turn   | Place    | Note
--------------------------------------------------------------
     0 | D:1      | karlm, the High Elf Hunter, began the quest for the Orb.
     0 | D:1      | Reached XP level 1. HP: 14/14 MP: 2/2
   618 | D:1      | Reached XP level 2. HP: 17/19 MP: 3/3
  1612 | D:1      | Reached skill level 6 in Bows
  1612 | D:1      | Reached XP level 3. HP: 16/24 MP: 5/5
  1946 | D:2      | Found an ancient bone altar of Kikubaaqudgha.
  2325 | D:2      | Reached XP level 4. HP: 29/29 MP: 7/7
  2336 | D:2      | HP: 1/29 [gnoll/enchanted spear (7)]
  2336 | D:2      | Slain by a gnoll

Action                   |  1- 3 |  4- 6 || total
-------------------------+-------+-------++-------
Melee: Short sword       |    90 |       ||    90
       Spear             |    29 |       ||    29
       Rapier            |    20 |     6 ||    26
 Fire: Shortbow          |    19 |       ||    19
 Abil: Evoke Berserk Rag |     2 |       ||     2
  Eat: Chunk             |     5 |       ||     5
